 Dungeon Crawl Stone Soup version 0.31-a0-981-geadf994542 (webtiles) character file.

Game seed: 1050488971342830995

1 BinkBink the Changeling (level 1, -1/15 HPs)
             Began as a Merfolk Shapeshifter on Nov 1, 2023.
             Slain by a hobgoblin (5 damage)
             ... on level 1 of the Dungeon.
             The game lasted 00:00:05 (24 turns).

BinkBink the Changeling (Merfolk Shapeshifter)        Turns: 24, Time: 00:00:05

Health: -1/15      AC:  2    Str: 14    XL:     1   Next: 20%
Magic:  1/1        EV: 12    Int:  9    God:
Gold:   10         SH:  0    Dex: 13    Spells: 0/0 levels left

rFire   . .          .
                       - Unarmed
rCold   . . .        (no shield)
rNeg    . . .        a - +0 animal skin
rPois   .            (helmet currently unavailable)
rElec   .            (cloak currently unavailable)
rCorr   .            (gloves currently unavailable)
SInv    .            (boots currently unavailable)
Will    .....        (no amulet)
Stlth   +            (no ring)
HPRegen 0.22/turn    (no ring)
MPRegen 0.07/turn

%: no passive effects
@: beast-form
A: beast (slay +2), (nimble swimmer 2), mertail
a: Begin Untransformation


You were on level 1 of the Dungeon.
You were a hulking beast.
You visited 1 branch of the dungeon, and saw 1 of its levels.

You collected 10 gold pieces.

Inventory:

Armour
 a - a +0 animal skin (worn)
Talismans
 c - a beast talisman
 d - a flux talisman
Potions
 b - a potion of lignification


   Skills:
 + Level 1.1 Fighting
 + Level 2.7 Dodging
 + Level 3.3 Unarmed Combat
 + Level 4.0 Shapeshifting


You couldn't memorise any spells.
You didn't know any spells.
Your spell library contained the following spells:

 Spells                   Type           Power      Damage    Failure   Level
 Ensorcelled Hibernation  Hex/Ice        0%         N/A       52%         2
 Jinxbite                 Hex            0%         N/A       52%         2
 Anguish                  Hex/Necr       0%         N/A       99%         4


Dungeon Overview and Level Annotations

Branches:
Dungeon (1/15)

Altars:


Innate Abilities, Weirdness & Mutations

You are a hulking beast.
Your limbs bulge with bestial killing power. (Slay +2)
((You are very nimble when in or above water. (Stealth+, EV+, Speed+++)))
Your lower body shifts to a powerful aquatic tail in water.


Message History

There is an open door here.
You pick up a book of Dreams and begin reading...
You add the spells Jinxbite, Ensorcelled Hibernation and Anguish to your library.
You now have 10 gold pieces.
A kobold comes into view. It is wielding a +0 whip.
A kobold is nearby!
A kobold is nearby!
A kobold is nearby!
An endoplasm comes into view.
Found a pair of gloves.
A hobgoblin comes into view.
The helpless endoplasm fails to defend itself.
You punch the endoplasm!
You kill the endoplasm!
The hobgoblin shouts!
The kobold shouts!
You barely miss the kobold. The kobold hits you with a +0 whip.
The hobgoblin misses you.
You closely miss the kobold. You hit the kobold.
The kobold is heavily wounded.
The kobold hits you with a +0 whip. The hobgoblin hits you.
You are too injured to fight recklessly!
You are too injured to fight recklessly!
You are too injured to fight recklessly!
You are too injured to fight recklessly!
You barely miss the kobold.
The kobold is heavily wounded.
The kobold closely misses you. The hobgoblin barely misses you.
You hit the kobold.
The kobold is severely wounded.
The kobold closely misses you. The hobgoblin hits you.
You closely miss the kobold.
The kobold is severely wounded.
The kobold hits you with a +0 whip.
* * * LOW HITPOINT WARNING * * *
The hobgoblin hits you but does no damage.
You hit the kobold.
You kill the kobold!
The hobgoblin hits you.
You die...

#....#
#....#
#[...#
#....#
#....#
#....#
###....#####
#...h).....#
#.###g.....#
### ##.#
......# #.#
###.##
.......
##'####..##
.......
+...'..###
.......
#.<.####
.......
+..(+
.......
##+##


You could see a hobgoblin.

Vanquished Creatures
  An endoplasm (D:1)
  A kobold (D:1)
2 creatures vanquished.

Notes
Turn   | Place    | Note
-------+----------+-------------------------------------------
     0 | D:1      | BinkBink the Merfolk Shapeshifter began the quest for the
                  | Orb.
     0 | D:1      | Reached XP level 1. HP: 15/15 MP: 1/1
    24 | D:1      | Slain by a hobgoblin

Illustrated notes

Levels and vault maps discovered:
D:1:      dpeg_arrival_radiant, layout_basic

Action                     || total
---------------------------++-------
  Melee: Unarmed           ||     8
   Stab: Sleeping          ||     1
 Armour: Animal skin       ||     7
  Dodge: Dodged            ||     4

Table legend: (Time is in decaauts)
 A = Elapsed time spent in this place.
 B = Non-inter-level travel time spent in this place.
 C = Inter-level travel time spent in this place.
 D = Time resting spent in this place.
 E = Time spent auto-exploring this place.
 F = Levels seen in this place.
 G = Mean time per level.
                   A        B        C        D        E       F      G
               +--------+--------+--------+--------+--------+-----+--------+
         Total |     23 |     23 |      0 |      0 |     12 |   1 |   23.0 |
       Dungeon |     23 |     23 |      0 |      0 |     12 |   1 |   23.0 |
               +--------+--------+--------+--------+--------+-----+--------+

Top non-repeatable levels by time:
     D:1: 23 daAuts
